 Dungeon Crawl Stone Soup version 0.23-a0-391-g8c51ad5 (console) character file.

419 Voker57 the Shield-Bearer (level 7, -4/55 HPs)
             Began as a Formicid Fighter on Oct 30, 2018.
             Was an Initiate of Qazlal.
             Slain by a river rat (5 damage)
             ... summoned by Eustachio
             ... on level 4 of the Dungeon.
             The game lasted 00:06:12 (3698 turns).

Voker57 the Shield-Bearer (Formicid Fighter)        Turns: 3698, Time: 00:06:13

Health: -4/55      AC:  6    Str: 25      XL:     7   Next: 16%
Magic:  7/7        EV: 11    Int:  8      God:    Qazlal [......]
Gold:   156        SH: 10    Dex: 10 (12) Spells: 6/6 levels left

rFire    . . .     SeeInvis +   a - +0 quarterstaff
rCold    . . .     Gourm    .   c - +0 shield
rNeg     . . .     Faith    .   k - +3 leather armour
rPois    .         Spirit   .   (helmet unavailable)
rElec    .         Reflect  .   (no cloak)
rCorr    .         Harm     .   (no gloves)
MR       .....                  (no boots)
Stlth    +.........             (no amulet)
HPRegen  0.18/turn              (no ring)
MPRegen  0.10/turn              (no ring)

@: mighty
A: permanent stasis, dig shafts and tunnels, four strong arms, antennae 3
a: Dig, Shaft Self, Renounce Religion


You were on level 4 of the Dungeon.
You worshipped Qazlal.
Qazlal was noncommittal.
You were hungry.

You visited 1 branch of the dungeon, and saw 5 of its levels.

You collected 156 gold pieces.

Inventory:

Hand Weapons
 a - a +0 quarterstaff (weapon)
Armour
 b - a +0 scale mail
 c - a +0 shield (worn)
 k - a +3 leather armour (worn)
Jewellery
 j - a +2 ring of protection {unknown}
 t - an uncursed ring of protection from fire {unknown}
Wands
 h - a wand of random effects (14)
 p - a wand of flame (8)
Scrolls
 g - 2 scrolls of amnesia {unknown}
 i - 5 scrolls of identify {unknown}
 l - a scroll of fear {unknown}
 n - a scroll of immolation {unknown}
 o - 2 scrolls of teleportation {unknown}
 q - a scroll of enchant weapon {unknown}
 r - a scroll of magic mapping {unknown}
 s - a scroll of enchant armour {unknown}
 u - a scroll of noise {unknown}
Potions
 e - a potion of flight
 m - a potion of curing
Comestibles
 f - 12 rations


   Skills:
 + Level 4.7 Fighting
 + Level 3.7 Staves
 + Level 4.7 Armour
 + Level 2.1 Dodging
 + Level 5.3 Shields


You had 6 spell levels left.
You didn't know any spells.
Your spell library was empty.

Dungeon Overview and Level Annotations

Branches:
Dungeon (5/15)
 Temple: D:4-7

Altars:
Ashenzari
Cheibriados
Elyvilon
Okawaru
Qazlal
Sif Muna
Trog
Uskayaw
Yredelemnul
The Shining One

Shops:
D:5 !

Annotations:
D:4 Eustachio


Innate Abilities, Weirdness & Mutations

You cannot be hasted, slowed, berserked, paralysed or teleported.
You can dig through walls and to a lower floor.
Your four strong arms can wield two-handed weapons with a shield.
You have a pair of large antennae on your head. (SInv)


Message History

The shadow imp disappears in a puff of smoke!
Eustachio closely misses you. The quokka bites you.
* * * LOW HITPOINT WARNING * * *
The bat hits you but does no damage. You block the river rat's attack. x2
The shadow imp hits you.
* * * LOW HITPOINT WARNING * * *
You barely miss Eustachio.
Eustachio is heavily wounded.
You block the bat's attack. The bat barely misses you.
You block the quokka's Eustachio casts a spell.
The river rat bites you but does no damage.
The bat hits you but does no damage. The river rat bites you.
* * * LOW HITPOINT WARNING * * *
The shadow imp barely misses you. The quokka closely misses you.
Eustachio hits you but does no damage.
You barely miss Eustachio.
Eustachio is heavily wounded.
The bat closely misses you. The river rat barely misses you.
The quokka closely misses you. The river rat bites you.
You die...

.......................###.......
.........#####...............<#..
....^...........###.......##...#.
#........#..#.##.#.......###...#.
##......##.#........#.#..#####...
#.........##.....#####..........
##.........##.....###.........##.
..........###......#....##.#..##.
...........#...5.@......##..#....
.##.##.........5@b5.##..##.......
.....#.##......rrr..##...##......
##......#...#.....#####.††(..#...
............##....#.......##.##..
....##......#..........#########.
.#..........#...........#.# #.
.#........................## ##
.#.....###........###......#
.......#_#.....##..###...(##
#......#'#....###.####..###


You could see Eustachio, 2 river rats, 2 shadow imps, an ufetubus, a quokka and
a bat.

Vanquished Creatures
  2 ogres (D:4)
  A howler monkey (D:4)
  An orc priest (D:3)
  Ijyb (D:2)
  A worker ant (D:3)
  A hound skeleton (D:4)
  2 adders
  A worm (D:2)
  3 dart slugs
  A leopard gecko (D:2)
  6 orcs
  3 giant cockroaches
  14 goblins
  12 hobgoblins
  11 jackals
  A quokka (D:2)
  10 bats
  2 frilled lizards (D:2)
  8 kobolds
  8 rats
89 creatures vanquished.

Notes
Turn   | Place    | Note
-------+----------+-------------------------------------------
     0 | D:1      | Voker57 the Formicid Fighter began the quest for the Orb.
     0 | D:1      | Reached XP level 1. HP: 18/18 MP: 1/1
   101 | D:1      | Reached XP level 2. HP: 23/24 MP: 2/2
   369 | D:1      | Reached skill level 4 in Shields
   369 | D:1      | Reached XP level 3. HP: 29/29 MP: 3/3
   839 | D:2      | Found a shattered altar of Ashenzari.
   864 | D:2      | Reached XP level 4. HP: 36/37 MP: 4/4
  1091 | D:2      | Found a bloodstained altar of Trog.
  1720 | D:2      | Found a stormy altar of Qazlal.
  1886 | D:2      | Became a worshipper of Qazlal Stormbringer
  2141 | D:3      | Noticed Ijyb
  2179 | D:2      | Killed Ijyb
  2179 | D:2      | Reached XP level 5. HP: 38/42 MP: 5/5
  2406 | D:3      | Reached skill level 1 in Dodging
  2656 | D:3      | Reached XP level 6. HP: 33/48 MP: 6/6
  2993 | D:3      | Found a snail-covered altar of Cheibriados.
  2993 | D:3      | Found a hide-covered altar of Uskayaw.
  2999 | D:3      | Found a glowing golden altar of the Shining One.
  3001 | D:3      | Found a deep blue altar of Sif Muna.
  3002 | D:3      | Found a white marble altar of Elyvilon.
  3301 | D:4      | Noticed an ogre
  3312 | D:4      | Killed an ogre
  3312 | D:4      | Reached skill level 5 in Shields
  3508 | D:4      | Found an iron altar of Okawaru.
  3554 | D:4      | Found a basalt altar of Yredelemnul.
  3603 | D:5      | Entered Level 5 of the Dungeon
  3604 | D:5      | Found Jocoira's Distillery.
  3605 | D:5      | Noticed Eustachio
  3607 | D:5      | Noticed an ogre
  3683 | D:4      | Killed an ogre
  3683 | D:4      | Reached XP level 7. HP: 53/55 MP: 7/7
  3696 | D:4      | HP: 2/55 [shadow imp[Eustachio] (2)]
  3698 | D:4      | Slain by a river rat

Vault maps used:
D:1:      psy_arrival_radial02
D:2:      ashenzari_conservatory_becter, bloody_trog,
          lemuel_coloured_pillars_altar, kennysheep_another_room,
          chequers_serial_rivers_large_a
D:3:      kennysheep_the_goblin_king, chequers_temple_overflow_minitemple,
          grunt_decor_cap
D:4:      marbit_many_paths, kennysheep_mini, first_ration
D:5:      serial_shops, shop, uniq_eustachio, uniq_menkaure

Skill      XL: |  1  2  3  4  5  6 |
---------------+-------------------+-----
Shields        | 4 5 |  5.3
Fighting       | 4 |  4.7
Armour         | 4 |  4.7
Staves         | 3 |  3.7
Dodging        | 1 2 |  2.1

Action                   |  1- 3 |  4- 6 |  7- 9 || total
-------------------------+-------+-------+-------++-------
Melee: Quarterstaff      |   131 |   212 |    12 ||   355
Evoke: Wand              |       |     3 |       ||     3
  Use: Potion            |       |     5 |     2 ||     7
  Eat: Chunk             |       |     9 |       ||     9
Armor: Scale mail        |    55 |    57 |       ||   112
       Skin              |       |    10 |       ||    10
       Leather armour    |       |    21 |    22 ||    43
Dodge: Dodged            |    37 |    75 |    41 ||   153
Block: Shield            |    58 |   128 |    32 ||   218

Table legend:
 A = Non-vault XP
 B = Vault XP
 C = Vault XP percentage of total XP
 D = Non-vault monster count
 E = Vault monster count
 F = Vault count percentage of total count
                 A         B        C        D         E       F
            +---------+---------+-------+---------+---------+-------
      Total |     532 |      67 |  11.2 |      81 |       8 |   9.0
            +---------+---------+-------+---------+---------+-------
        D:1 |      51 |       0 |   0.0 |      28 |       0 |   0.0
        D:2 |      48 |      38 |  44.2 |      21 |       2 |   8.7
        D:3 |     125 |      10 |   7.4 |      22 |       5 |  18.5
        D:4 |     308 |      19 |   5.8 |      10 |       1 |   9.1
            +---------+---------+-------+---------+---------+-------
